[ AOE2 MATCH · #469114490 ]
UnrankedCelts vs Hindustanis
[ REPLAY ANALYSIS · EXTRACTED FROM THE RECORDED GAME ]
Feudal
12:01
Castle
15:59
Imperial
30:09
| APM avg | 17.0 |
| APM peak | 39 |
| eAPM avg | 14.6 |
| Villagers / military | 117 / 366 |
Focus
⚔️ 32.7% · 🌾 67.3%
Spearman ×163 · Scorpion ×120 · Militia ×82 · Trade Cart ×58 · Monk ×1
Feudal
12:01
Castle
19:04
Imperial
32:54
| APM avg | 23.7 |
| APM peak | 61 |
| eAPM avg | 12.9 |
| Villagers / military | 113 / 154 |
Focus
⚔️ 21.5% · 🌾 78.5%
Scout Cavalry ×106 · Camel Scout ×27 · Mangonel ×18 · Trade Cart ×7 · Trebuchet (Packed) ×2 · Monk ×1
Feudal
12:12
Castle
16:52
Imperial
31:16
| APM avg | 45.7 |
| APM peak | 113 |
| eAPM avg | 29.3 |
| Villagers / military | 130 / 243 |
Focus
⚔️ 41.8% · 🌾 58.2%
Militia ×97 · Spearman ×96 · Centurion ×38 · Trade Cart ×19 · Battering Ram ×8 · Trebuchet (Packed) ×3
Feudal
11:18
Castle
19:34
Imperial
31:02
| APM avg | 12.1 |
| APM peak | 39 |
| eAPM avg | 9.3 |
| Villagers / military | 74 / 130 |
Focus
⚔️ 39.7% · 🌾 60.3%
Knight ×113 · Throwing Axeman ×14 · Trade Cart ×5 · Trebuchet (Packed) ×2 · Monk ×1
Feudal
12:54
Castle
19:09
Imperial
33:22
| APM avg | 29.4 |
| APM peak | 84 |
| eAPM avg | 16.4 |
| Villagers / military | 124 / 220 |
Focus
⚔️ 25.3% · 🌾 74.7%
Hussite Wagon ×103 · Hand Cannoneer ×89 · Bombard Cannon ×27 · Trade Cart ×21 · Monk ×1
Feudal
10:59
Castle
21:06
Imperial
35:37
| APM avg | 23.9 |
| APM peak | 57 |
| eAPM avg | 19.8 |
| Villagers / military | 179 / 134 |
Focus
⚔️ 15.1% · 🌾 84.9%
Conquistador ×48 · Knight ×41 · Hand Cannoneer ×35 · Bombard Cannon ×6 · Mangonel ×3 · Monk ×1
Feudal
—
Castle
—
Imperial
—
| APM avg | 19.8 |
| APM peak | 49 |
| eAPM avg | 12.3 |
| Villagers / military | 88 / 111 |
Focus
⚔️ 27.1% · 🌾 72.9%
Archer ×35 · Rattan Archer ×32 · Skirmisher ×16 · Trade Cart ×14 · Battle Elephant ×11 · Bombard Cannon ×8
Feudal
14:25
Castle
21:18
Imperial
40:27
| APM avg | 15.3 |
| APM peak | 43 |
| eAPM avg | 10.9 |
| Villagers / military | 92 / 81 |
Focus
⚔️ 19.2% · 🌾 80.8%
Cataphract ×57 · Camel Scout ×23 · Trade Cart ×13 · Monk ×1
Match map
Initial resources + every placement click. Lines = walls · curves = elevation contours. ◆ gold · ⬟ stone · ● berries · ✦ relic · ◌ wall gap
Your base· ✓ Closed at 15:59 · 0t walls · no gate
Marshall_CZE's base· Open — opponent sealed themselves in
Jerry's base· ✓ Closed at 16:52 · 28t walls · 1 gate(s)
jo.desmettre's base· ✓ Closed at 19:34 · 0t walls · fragile
Lazy_Mann's base· ✓ Closed at 19:09 · 11t walls · no gate
jkanatario's base· ✓ Closed at 21:06 · 0t walls · fragile
Ares648967's base· Open — opponent sealed themselves in
channing40603's base· ✓ Closed at 21:18 · 25t walls · 2 gate(s)
Smoothed initial terrain · ◌ = detected wall gap · hover for details
Inputs per minute
— MayMay - - Marshall_CZE
Build order — MayMay
First 150 of 426 actions detected
| 0:01 | Research | Loom |
| 0:02 | Create | Villager (Male) ×4 |
| 0:02 | Create | Villager (Male) ×4 |
| 0:03 | Build | House |
| 0:04 | Build | House |
| 1:38 | Create | Villager (Male) |
| 1:39 | Create | Villager (Male) |
| 2:28 | Create | Villager (Male) |
| 2:29 | Create | Villager (Male) |
| 2:49 | Create | Villager (Male) |
| 3:22 | Create | Villager (Male) |
| 3:23 | Create | Villager (Male) |
| 3:51 | Create | Villager (Male) |
| 3:51 | Create | Villager (Male) |
| 3:53 | Build | House |
| 3:54 | Build | House |
| 4:17 | Create | Villager (Male) |
| 4:17 | Create | Villager (Male) |
| 4:30 | Create | Villager (Male) |
| 4:30 | Create | Villager (Male) |
| 4:58 | Create | Villager (Male) |
| 5:27 | Build | Lumber Camp |
| 6:00 | Create | Villager (Male) |
| 6:02 | Build | Mill |
| 6:12 | Create | Villager (Male) |
| 6:13 | Create | Villager (Male) |
| 7:00 | Create | Villager (Male) |
| 7:00 | Create | Villager (Male) |
| 8:02 | Create | Villager (Male) |
| 8:03 | Create | Villager (Male) |
| 8:08 | Build | Mining Camp |
| 8:18 | Create | Villager (Male) |
| 8:59 | Build | Barracks |
| 9:01 | Build | House |
| 9:51 | Research | Feudal Age |
| 9:51 | Research | Feudal Age |
| 10:22 | Create | Villager (Male) |
| 10:33 | Create | Villager (Male) |
| 12:01 | Age | Feudal Age |
| 12:03 | Build | Blacksmith |
| 12:04 | Build | Stable |
| 13:19 | Research | Castle Age |
| 13:42 | Research | Double-Bit Axe |
| 14:28 | Research | Horse Collar |
| 14:33 | Build | House |
| 15:04 | Create | Villager (Male) |
| 15:59 | Age | Castle Age |
| 16:00 | Build | Town Center |
| 16:08 | Build | Town Center |
| 16:18 | Create | Villager (Male) |
| 16:27 | Build | Farm |
| 16:42 | Create | Villager (Male) |
| 16:46 | Research | Bow Saw |
| 16:52 | Build | Farm |
| 17:11 | Create | Villager (Male) |
| 17:17 | Build | Farm |
| 17:21 | Create | Villager (Male) |
| 17:22 | Create | Villager (Male) |
| 17:30 | Build | Farm |
| 17:31 | Build | Farm |
| 17:42 | Build | Farm |
| 17:51 | Build | Farm |
| 17:55 | Create | Villager (Male) |
| 17:55 | Create | Villager (Male) |
| 17:56 | Create | Villager (Male) |
| 18:19 | Build | Market |
| 18:26 | Build | Farm |
| 18:28 | Create | Villager (Male) |
| 18:28 | Create | Villager (Male) |
| 18:37 | Build | Farm |
| 18:39 | Build | Farm |
| 18:40 | Build | Farm |
| 18:43 | Build | Farm |
| 18:45 | Build | Farm |
| 18:46 | Build | Farm |
| 18:53 | Create | Villager (Male) |
| 18:59 | Build | House |
| 19:01 | Build | House |
| 19:02 | Build | House |
| 19:09 | Build | Farm |
| 19:12 | Create | Villager (Male) |
| 19:15 | Create | Villager (Male) |
| 19:15 | Create | Villager (Male) |
| 19:22 | Build | Farm |
| 19:33 | Create | Villager (Male) |
| 19:34 | Create | Villager (Male) |
| 19:46 | Build | Farm |
| 19:50 | Build | Farm |
| 20:02 | Research | Heavy Plow |
| 20:02 | Research | Heavy Plow |
| 20:07 | Build | Farm |
| 20:20 | Create | Villager (Male) |
| 20:21 | Create | Villager (Male) |
| 20:21 | Create | Villager (Male) |
| 20:33 | Create | Villager (Male) |
| 20:40 | Create | Villager (Male) |
| 20:46 | Build | Market |
| 20:54 | Build | Market |
| 21:01 | Build | Farm |
| 21:07 | Build | Farm |
| 21:09 | Build | Farm |
| 21:11 | Create | Villager (Male) |
| 21:12 | Create | Villager (Male) |
| 21:12 | Create | Villager (Male) |
| 21:12 | Create | Villager (Male) |
| 21:12 | Create | Villager (Male) |
| 21:22 | Build | Lumber Camp |
| 21:26 | Create | Villager (Male) |
| 21:26 | Create | Villager (Male) |
| 21:31 | Create | Villager (Male) |
| 21:52 | Build | Farm |
| 21:55 | Create | Villager (Male) |
| 21:56 | Create | Villager (Male) |
| 21:56 | Create | Villager (Male) |
| 22:01 | Create | Villager (Male) |
| 22:01 | Create | Villager (Male) |
| 22:12 | Build | Farm |
| 22:16 | Build | Farm |
| 22:18 | Create | Villager (Male) |
| 22:18 | Create | Villager (Male) |
| 22:19 | Create | Villager (Male) |
| 22:19 | Create | Villager (Male) |
| 22:22 | Build | Farm |
| 22:31 | Build | House |
| 22:32 | Build | House |
| 22:36 | Build | Farm |
| 22:39 | Build | Farm |
| 22:44 | Build | Mining Camp |
| 22:51 | Create | Villager (Male) ×5 |
| 22:51 | Create | Villager (Male) ×5 |
| 22:55 | Build | House |
| 22:58 | Build | House |
| 23:00 | Build | House |
| 23:01 | Build | House |
| 23:08 | Create | Villager (Male) |
| 23:09 | Create | Villager (Male) |
| 23:09 | Create | Villager (Male) |
| 23:13 | Create | Villager (Male) |
| 23:16 | Create | Villager (Male) |
| 23:22 | Build | Farm |
| 23:26 | Build | Farm |
| 23:29 | Build | Farm |
| 23:31 | Create | Villager (Male) |
| 23:32 | Create | Villager (Male) |
| 23:32 | Create | Villager (Male) |
| 23:45 | Build | Farm |
| 23:51 | Research | Wheelbarrow |
| 23:58 | Create | Villager (Male) |
| 23:58 | Create | Villager (Male) |
| 24:05 | Create | Villager (Male) |
Build order — Marshall_CZE
First 150 of 326 actions detected
| 0:03 | Research | Loom |
| 0:04 | Create | Villager (Male) |
| 0:04 | Create | Villager (Male) |
| 0:04 | Create | Villager (Male) |
| 0:44 | Build | Palisade Wall |
| 0:53 | Build | Palisade Wall |
| 1:05 | Build | House |
| 1:34 | Build | House |
| 1:55 | Create | Villager (Male) |
| 1:56 | Create | Villager (Male) |
| 3:03 | Create | Villager (Male) |
| 3:03 | Create | Villager (Male) |
| 3:55 | Create | Villager (Male) |
| 3:56 | Create | Villager (Male) |
| 3:56 | Create | Villager (Male) |
| 3:56 | Create | Villager (Male) |
| 4:40 | Create | Villager (Male) |
| 4:40 | Create | Villager (Male) |
| 4:40 | Create | Villager (Male) |
| 5:19 | Build | Lumber Camp |
| 5:36 | Create | Villager (Male) |
| 5:36 | Create | Villager (Male) |
| 5:36 | Create | Villager (Male) |
| 5:37 | Create | Villager (Male) |
| 5:44 | Build | House |
| 6:23 | Create | Villager (Male) |
| 6:23 | Create | Villager (Male) |
| 6:47 | Create | Villager (Male) |
| 6:47 | Create | Villager (Male) |
| 6:47 | Create | Villager (Male) |
| 6:48 | Create | Villager (Male) |
| 7:27 | Create | Villager (Male) |
| 7:27 | Create | Villager (Male) |
| 7:28 | Create | Villager (Male) |
| 8:02 | Create | Villager (Male) |
| 8:02 | Create | Villager (Male) |
| 8:02 | Create | Villager (Male) |
| 8:34 | Build | Mill |
| 9:51 | Research | Feudal Age |
| 9:51 | Create | Villager (Male) |
| 9:52 | Create | Villager (Male) |
| 10:13 | Build | Mining Camp |
| 12:01 | Age | Feudal Age |
| 12:06 | Build | House |
| 12:10 | Research | Wheelbarrow |
| 12:13 | Create | Villager (Male) |
| 12:13 | Create | Villager (Male) |
| 12:23 | Build | Blacksmith |
| 12:50 | Build | House |
| 13:08 | Build | Market |
| 13:45 | Research | Double-Bit Axe |
| 13:52 | Create | Villager (Male) |
| 13:52 | Create | Villager (Male) |
| 14:19 | Build | Farm |
| 14:21 | Build | Farm |
| 14:27 | Build | Farm |
| 14:31 | Build | Farm |
| 16:24 | Research | Castle Age |
| 16:38 | Research | Horse Collar |
| 16:38 | Research | Horse Collar |
| 17:13 | Build | House |
| 17:15 | Build | House |
| 17:16 | Build | House |
| 17:18 | Build | House |
| 17:42 | Build | Stone Wall |
| 17:56 | Build | Gate |
| 18:17 | Create | Trade Cart |
| 18:48 | Build | Mining Camp |
| 19:04 | Age | Castle Age |
| 19:18 | Build | Stone Wall |
| 19:21 | Build | Stone Wall |
| 19:43 | Create | Villager (Male) |
| 19:43 | Create | Villager (Male) |
| 19:52 | Research | Bow Saw |
| 20:00 | Create | Villager (Male) |
| 20:01 | Create | Villager (Male) |
| 20:01 | Create | Villager (Male) |
| 21:05 | Build | Town Center |
| 21:27 | Build | Barracks |
| 21:44 | Create | Villager (Male) |
| 21:44 | Create | Villager (Male) |
| 21:44 | Create | Villager (Male) |
| 21:44 | Create | Villager (Male) |
| 22:00 | Research | Scale Barding Armor |
| 22:00 | Research | Forging |
| 22:09 | Create | Villager (Male) |
| 22:10 | Create | Villager (Male) |
| 22:58 | Build | Stable |
| 23:04 | Create | Villager (Male) |
| 23:04 | Create | Villager (Male) |
| 23:04 | Create | Villager (Male) |
| 23:05 | Create | Villager (Male) |
| 23:05 | Create | Villager (Male) |
| 23:16 | Create | Trade Cart |
| 23:35 | Build | Stable |
| 23:48 | Build | Farm |
| 24:07 | Create | Villager (Male) |
| 24:09 | Build | Farm |
| 24:22 | Create | Villager (Male) |
| 24:23 | Create | Villager (Male) |
| 24:32 | Create | Villager (Male) |
| 24:32 | Create | Villager (Male) |
| 24:36 | Build | Farm |
| 24:36 | Build | Farm |
| 24:37 | Build | Farm |
| 24:51 | Build | Monastery |
| 24:56 | Create | Villager (Male) |
| 24:56 | Create | Villager (Male) |
| 25:22 | Build | Castle |
| 25:53 | Create | Villager (Male) |
| 25:53 | Create | Villager (Male) |
| 25:55 | Create | Villager (Male) |
| 25:55 | Create | Villager (Male) |
| 25:55 | Create | Villager (Male) |
| 26:05 | Build | Farm |
| 26:05 | Build | Farm |
| 26:05 | Build | Farm |
| 26:05 | Build | Farm |
| 26:06 | Build | Farm |
| 26:06 | Build | Farm |
| 26:06 | Build | Farm |
| 26:07 | Build | Farm |
| 26:07 | Build | Farm |
| 26:07 | Build | Farm |
| 26:07 | Build | Farm |
| 26:08 | Build | Farm |
| 26:08 | Build | Farm |
| 26:08 | Build | Farm |
| 26:11 | Create | Villager (Male) |
| 26:21 | Build | Farm |
| 26:47 | Build | Mining Camp |
| 27:00 | Create | Villager (Male) |
| 27:00 | Create | Villager (Male) |
| 27:02 | Create | Villager (Male) |
| 27:10 | Create | Villager (Male) |
| 27:10 | Create | Villager (Male) |
| 27:10 | Create | Villager (Male) |
| 27:11 | Create | Villager (Male) |
| 28:04 | Build | Farm |
| 28:04 | Build | Farm |
| 28:04 | Build | Farm |
| 28:04 | Build | Farm |
| 28:05 | Build | Farm |
| 28:05 | Build | Farm |
| 28:12 | Create | Villager (Male) |
| 28:18 | Research | Heavy Plow |
| 28:25 | Create | Monk |
| 29:08 | Build | Gate |
| 29:13 | Build | Stone Wall |
| 29:15 | Build | Stone Wall |
Build order — Jerry
First 150 of 600 actions detected
| 0:02 | Build | House |
| 0:03 | Build | House |
| 0:04 | Create | Villager (Male) |
| 0:04 | Research | Loom |
| 0:04 | Create | Villager (Male) |
| 0:32 | Create | Villager (Male) |
| 0:44 | Build | Palisade Wall |
| 0:50 | Create | Villager (Male) |
| 0:50 | Create | Villager (Male) |
| 1:48 | Build | Palisade Wall |
| 2:02 | Build | Palisade Wall |
| 2:15 | Create | Villager (Male) |
| 2:25 | Create | Villager (Male) |
| 2:25 | Create | Villager (Male) |
| 2:56 | Create | Villager (Male) |
| 2:57 | Create | Villager (Male) |
| 3:11 | Build | Lumber Camp |
| 3:17 | Create | Villager (Male) |
| 3:49 | Create | Villager (Male) |
| 4:34 | Create | Villager (Male) |
| 4:34 | Create | Villager (Male) |
| 4:56 | Create | Villager (Male) |
| 4:56 | Create | Villager (Male) |
| 5:19 | Create | Villager (Male) |
| 5:26 | Create | Villager (Male) |
| 5:26 | Create | Villager (Male) |
| 5:29 | Build | House |
| 5:31 | Build | House |
| 6:01 | Create | Villager (Male) |
| 6:01 | Create | Villager (Male) |
| 6:32 | Create | Villager (Male) |
| 6:32 | Create | Villager (Male) |
| 6:51 | Create | Villager (Male) |
| 7:00 | Build | Mill |
| 7:17 | Create | Villager (Male) |
| 7:54 | Create | Villager (Male) |
| 8:17 | Build | Mining Camp |
| 8:18 | Create | Villager (Male) |
| 8:49 | Build | Farm |
| 9:16 | Build | Farm |
| 9:17 | Create | Villager (Male) |
| 9:49 | Research | Feudal Age |
| 9:49 | Research | Feudal Age |
| 10:07 | Build | House |
| 10:24 | Create | Villager (Male) |
| 10:43 | Build | Barracks |
| 11:45 | Create | Villager (Male) |
| 12:12 | Age | Feudal Age |
| 12:23 | Build | Blacksmith |
| 12:29 | Create | Villager (Male) |
| 12:29 | Create | Villager (Male) |
| 12:48 | Research | Double-Bit Axe |
| 13:27 | Build | Stable |
| 13:38 | Build | Stone Wall |
| 13:46 | Build | Gate |
| 13:47 | Create | Villager (Male) |
| 14:02 | Research | Castle Age |
| 14:03 | Research | Castle Age |
| 14:14 | Research | Horse Collar |
| 14:14 | Research | Horse Collar |
| 14:25 | Build | House |
| 15:02 | Build | Mining Camp |
| 15:03 | Create | Villager (Male) |
| 15:15 | Build | Farm |
| 15:20 | Build | Farm |
| 16:18 | Build | Farm |
| 16:19 | Build | Farm |
| 16:42 | Create | Villager (Male) |
| 16:52 | Age | Castle Age |
| 16:59 | Build | Town Center |
| 17:06 | Research | Bow Saw |
| 17:06 | Research | Bow Saw |
| 17:51 | Create | Villager (Male) |
| 17:52 | Create | Villager (Male) |
| 17:57 | Research | Heavy Plow |
| 18:03 | Build | House |
| 18:05 | Build | House |
| 18:10 | Create | Villager (Male) |
| 18:18 | Build | Farm |
| 18:21 | Create | Villager (Male) |
| 18:21 | Create | Villager (Male) |
| 18:39 | Build | Outpost |
| 18:41 | Create | Villager (Male) |
| 18:42 | Create | Villager (Male) |
| 18:44 | Build | Farm |
| 18:49 | Create | Villager (Male) |
| 18:50 | Create | Villager (Male) |
| 19:09 | Build | Farm |
| 19:10 | Create | Villager (Male) |
| 19:11 | Create | Villager (Male) |
| 19:12 | Create | Villager (Male) |
| 19:26 | Build | Town Center |
| 19:28 | Create | Villager (Male) |
| 19:30 | Create | Villager (Male) |
| 19:35 | Build | Farm |
| 19:53 | Create | Villager (Male) |
| 20:00 | Build | Farm |
| 20:10 | Build | Stone Wall |
| 20:17 | Build | Gate |
| 20:20 | Create | Villager (Male) |
| 20:30 | Build | Outpost |
| 20:31 | Create | Villager (Male) |
| 20:33 | Create | Villager (Male) |
| 20:46 | Create | Villager (Male) |
| 20:50 | Build | Farm |
| 21:15 | Build | Farm |
| 21:24 | Build | Mill |
| 21:30 | Build | Farm |
| 21:32 | Build | Farm |
| 21:38 | Build | Farm |
| 21:43 | Build | Farm |
| 21:50 | Build | Farm |
| 21:51 | Create | Villager (Male) |
| 21:53 | Create | Villager (Male) |
| 21:55 | Create | Villager (Male) |
| 21:56 | Create | Villager (Male) |
| 22:04 | Build | Farm |
| 22:08 | Research | Wheelbarrow |
| 22:08 | Research | Wheelbarrow |
| 22:14 | Build | House |
| 22:15 | Build | House |
| 22:30 | Create | Villager (Male) |
| 22:31 | Create | Villager (Male) |
| 22:40 | Build | Market |
| 22:45 | Create | Villager (Male) |
| 22:46 | Create | Villager (Male) |
| 22:51 | Create | Villager (Male) |
| 22:51 | Create | Villager (Male) |
| 22:59 | Build | Mill |
| 23:02 | Build | Farm |
| 23:03 | Build | Farm |
| 23:04 | Build | Farm |
| 23:05 | Build | Farm |
| 23:07 | Create | Villager (Male) |
| 23:08 | Create | Villager (Male) |
| 23:22 | Build | House |
| 23:23 | Research | Town Watch |
| 23:24 | Research | Town Watch |
| 23:24 | Create | Villager (Male) |
| 23:33 | Build | Farm |
| 23:40 | Create | Villager (Male) |
| 23:42 | Create | Villager (Male) |
| 24:08 | Build | Town Center |
| 24:11 | Create | Villager (Male) |
| 24:12 | Create | Villager (Male) |
| 24:13 | Create | Villager (Male) |
| 24:14 | Create | Villager (Male) |
| 24:17 | Build | Farm |
| 24:22 | Build | Farm |
| 24:25 | Create | Villager (Male) |
Build order — jo.desmettre
First 150 of 317 actions detected
| 0:07 | Build | House |
| 0:08 | Build | House |
| 0:11 | Create | Villager (Male) |
| 0:11 | Create | Villager (Male) |
| 0:11 | Create | Villager (Male) |
| 0:12 | Create | Villager (Male) |
| 0:12 | Create | Villager (Male) |
| 0:14 | Research | Loom |
| 2:10 | Create | Villager (Male) |
| 2:30 | Create | Villager (Male) |
| 3:07 | Build | Mill |
| 3:11 | Create | Villager (Male) |
| 3:15 | Build | House |
| 3:51 | Create | Villager (Male) |
| 4:09 | Build | Lumber Camp |
| 4:12 | Create | Villager (Male) |
| 4:18 | Create | Villager (Male) |
| 4:41 | Create | Villager (Male) |
| 5:02 | Create | Villager (Male) |
| 5:13 | Create | Villager (Male) |
| 5:39 | Create | Villager (Male) |
| 5:45 | Create | Villager (Male) |
| 6:15 | Create | Villager (Male) |
| 6:25 | Build | House |
| 6:27 | Build | House |
| 9:08 | Research | Feudal Age |
| 9:51 | Build | Mining Camp |
| 10:02 | Build | Mining Camp |
| 10:06 | Create | Villager (Male) |
| 10:06 | Create | Villager (Male) |
| 10:06 | Create | Villager (Male) |
| 10:07 | Create | Villager (Male) |
| 10:07 | Create | Villager (Male) |
| 10:07 | Create | Villager (Male) |
| 10:07 | Create | Villager (Male) |
| 10:16 | Create | Villager (Male) |
| 10:30 | Create | Villager (Male) |
| 10:30 | Create | Villager (Male) |
| 10:30 | Create | Villager (Male) |
| 10:42 | Create | Villager (Male) |
| 11:17 | Build | Farm |
| 11:18 | Build | Farm |
| 11:18 | Age | Feudal Age |
| 11:20 | Build | Farm |
| 11:21 | Build | Farm |
| 11:23 | Build | Farm |
| 11:33 | Research | Double-Bit Axe |
| 11:50 | Build | Farm |
| 12:38 | Build | Market |
| 13:12 | Build | Farm |
| 13:39 | Build | House |
| 13:41 | Build | House |
| 13:42 | Build | House |
| 13:43 | Build | House |
| 14:59 | Build | Farm |
| 15:16 | Build | Blacksmith |
| 15:25 | Create | Villager (Male) |
| 15:25 | Create | Villager (Male) |
| 15:48 | Build | Farm |
| 16:28 | Build | Farm |
| 16:54 | Research | Castle Age |
| 17:23 | Research | Gold Mining |
| 17:53 | Create | Villager (Male) |
| 17:53 | Create | Villager (Male) |
| 17:53 | Create | Villager (Male) |
| 17:54 | Create | Villager (Male) |
| 19:18 | Create | Villager (Male) |
| 19:18 | Create | Villager (Male) |
| 19:18 | Create | Villager (Male) |
| 19:34 | Age | Castle Age |
| 19:39 | Build | Monastery |
| 19:52 | Build | Town Center |
| 20:11 | Build | Castle |
| 20:30 | Create | Monk |
| 20:40 | Research | Bow Saw |
| 20:46 | Research | Gold Shaft Mining |
| 21:16 | Research | Wheelbarrow |
| 21:28 | Build | Farm |
| 21:56 | Create | Villager (Male) |
| 21:57 | Create | Villager (Male) |
| 21:57 | Create | Villager (Male) |
| 21:57 | Create | Villager (Male) |
| 21:58 | Create | Villager (Male) |
| 21:58 | Create | Villager (Male) |
| 22:09 | Build | Farm |
| 22:12 | Build | Farm |
| 22:14 | Build | Farm |
| 22:15 | Build | Farm |
| 22:25 | Create | Villager (Male) |
| 22:26 | Create | Villager (Male) |
| 22:26 | Create | Villager (Male) |
| 22:26 | Create | Villager (Male) |
| 23:10 | Build | Barracks |
| 23:44 | Create | Trade Cart |
| 23:44 | Create | Trade Cart |
| 23:45 | Create | Trade Cart |
| 23:45 | Create | Trade Cart |
| 23:45 | Create | Trade Cart |
| 23:52 | Research | Hand Cart |
| 23:55 | Create | Villager (Male) |
| 23:55 | Create | Villager (Male) |
| 23:55 | Create | Villager (Male) |
| 24:14 | Build | Farm |
| 24:56 | Create | Villager (Male) |
| 24:56 | Create | Villager (Male) |
| 25:06 | Build | Farm |
| 25:17 | Create | Villager (Male) |
| 25:17 | Create | Villager (Male) |
| 25:17 | Create | Villager (Male) |
| 25:18 | Create | Villager (Male) |
| 26:06 | Build | Stable |
| 26:20 | Create | Villager (Male) |
| 26:20 | Create | Villager (Male) |
| 26:21 | Create | Villager (Male) |
| 26:21 | Create | Villager (Male) |
| 26:24 | Create | Villager (Male) |
| 26:25 | Create | Villager (Male) |
| 26:54 | Build | Mining Camp |
| 27:14 | Build | Stable |
| 27:48 | Research | Imperial Age |
| 28:21 | Research | Caravan |
| 28:28 | Build | Farm |
| 28:36 | Build | Lumber Camp |
| 28:45 | Research | Scale Barding Armor |
| 28:51 | Create | Villager (Male) |
| 28:51 | Create | Villager (Male) |
| 28:52 | Create | Villager (Male) |
| 28:52 | Create | Villager (Male) |
| 29:40 | Research | Husbandry |
| 29:44 | Research | Forging |
| 30:42 | Create | Villager (Male) |
| 30:42 | Create | Villager (Male) |
| 31:02 | Age | Imperial Age |
| 31:37 | Create | Villager (Male) |
| 31:37 | Create | Villager (Male) |
| 31:38 | Create | Villager (Male) |
| 31:38 | Create | Villager (Male) |
| 31:38 | Create | Villager (Male) |
| 31:46 | Create | Trebuchet (Packed) |
| 31:47 | Create | Trebuchet (Packed) |
| 31:53 | Build | University |
| 32:14 | Build | Farm |
| 32:17 | Build | Farm |
| 32:18 | Build | Farm |
| 32:19 | Build | Farm |
| 32:23 | Build | Farm |
| 32:24 | Build | Farm |
| 32:28 | Research | Iron Casting |
| 32:30 | Research | Chain Barding Armor |
| 32:34 | Build | House |
Build order — Lazy_Mann
First 150 of 280 actions detected
| 0:04 | Build | House |
| 0:07 | Build | House |
| 0:14 | Research | Loom |
| 0:14 | Create | Villager (Male) |
| 0:14 | Create | Villager (Male) |
| 0:15 | Create | Villager (Male) |
| 0:56 | Create | Villager (Male) |
| 0:56 | Create | Villager (Male) |
| 1:58 | Create | Villager (Male) |
| 2:26 | Build | Palisade Wall |
| 2:48 | Build | Lumber Camp |
| 3:16 | Create | Villager (Male) |
| 3:17 | Create | Villager (Male) |
| 3:17 | Create | Villager (Male) |
| 4:08 | Create | Villager (Male) |
| 4:08 | Create | Villager (Male) |
| 4:30 | Build | House |
| 4:36 | Create | Villager (Male) |
| 4:36 | Create | Villager (Male) |
| 4:36 | Create | Villager (Male) |
| 4:36 | Create | Villager (Male) |
| 5:13 | Create | Villager (Male) |
| 5:13 | Create | Villager (Male) |
| 5:14 | Create | Villager (Male) |
| 5:20 | Build | Mill |
| 5:36 | Create | Villager (Male) |
| 5:37 | Create | Villager (Male) |
| 5:37 | Create | Villager (Male) |
| 6:04 | Create | Villager (Male) |
| 6:04 | Create | Villager (Male) |
| 6:34 | Create | Villager (Male) |
| 6:34 | Create | Villager (Male) |
| 6:34 | Create | Villager (Male) |
| 6:34 | Create | Villager (Male) |
| 6:47 | Create | Villager (Male) |
| 6:48 | Create | Villager (Male) |
| 6:54 | Build | House |
| 8:29 | Create | Villager (Male) |
| 8:31 | Create | Villager (Male) |
| 8:42 | Create | Villager (Male) |
| 8:42 | Create | Villager (Male) |
| 8:48 | Create | Villager (Male) |
| 10:19 | Create | Villager (Male) |
| 10:20 | Create | Villager (Male) |
| 10:38 | Build | House |
| 10:44 | Research | Feudal Age |
| 10:57 | Build | Mill |
| 11:02 | Create | Villager (Male) |
| 11:02 | Create | Villager (Male) |
| 11:03 | Create | Villager (Male) |
| 11:41 | Build | Lumber Camp |
| 11:50 | Build | Mining Camp |
| 12:54 | Age | Feudal Age |
| 12:55 | Create | Villager (Male) |
| 12:55 | Create | Villager (Male) |
| 13:05 | Build | Farm |
| 13:05 | Build | Farm |
| 13:06 | Build | Farm |
| 13:06 | Build | Farm |
| 13:11 | Build | Farm |
| 13:26 | Create | Villager (Male) |
| 13:26 | Create | Villager (Male) |
| 13:29 | Build | Farm |
| 13:38 | Create | Villager (Male) |
| 13:44 | Build | House |
| 13:53 | Build | Market |
| 13:58 | Build | Market |
| 14:06 | Build | Blacksmith |
| 14:19 | Create | Villager (Male) |
| 14:44 | Research | Double-Bit Axe |
| 14:46 | Create | Villager (Male) |
| 15:06 | Build | Farm |
| 15:34 | Build | Farm |
| 15:48 | Build | House |
| 16:08 | Build | Farm |
| 16:15 | Build | Farm |
| 16:22 | Build | Farm |
| 16:29 | Research | Castle Age |
| 16:29 | Research | Castle Age |
| 16:41 | Build | Mining Camp |
| 17:34 | Create | Villager (Male) |
| 17:40 | Create | Villager (Male) |
| 17:48 | Research | Horse Collar |
| 18:16 | Create | Villager (Male) |
| 18:16 | Create | Villager (Male) |
| 18:34 | Create | Villager (Male) |
| 18:34 | Create | Villager (Male) |
| 19:09 | Age | Castle Age |
| 19:16 | Build | Town Center |
| 19:28 | Build | Town Center |
| 19:39 | Research | Bow Saw |
| 19:55 | Build | Monastery |
| 20:36 | Create | Villager (Male) |
| 20:36 | Create | Villager (Male) |
| 20:46 | Build | House |
| 20:47 | Build | House |
| 20:50 | Build | House |
| 20:51 | Build | House |
| 20:53 | Build | House |
| 20:53 | Build | House |
| 20:57 | Create | Monk |
| 21:28 | Create | Villager (Male) |
| 21:29 | Create | Villager (Male) |
| 21:38 | Create | Villager (Male) ×5 |
| 21:44 | Create | Villager (Male) |
| 21:44 | Create | Villager (Male) |
| 21:46 | Create | Villager (Male) ×5 |
| 21:57 | Build | Farm |
| 21:58 | Build | Farm |
| 21:58 | Build | Farm |
| 21:58 | Build | Farm |
| 22:07 | Build | House |
| 22:08 | Build | House |
| 22:08 | Build | House |
| 22:08 | Build | House |
| 22:09 | Build | House |
| 22:11 | Build | House |
| 22:11 | Build | House |
| 22:12 | Build | House |
| 22:13 | Build | House |
| 22:14 | Build | House |
| 22:43 | Build | Farm |
| 22:55 | Create | Villager (Male) ×5 |
| 23:14 | Build | Castle |
| 23:34 | Create | Villager (Male) ×5 |
| 24:00 | Build | Farm |
| 24:01 | Build | Farm |
| 24:01 | Build | Farm |
| 24:01 | Build | Farm |
| 24:02 | Build | Farm |
| 24:02 | Build | Farm |
| 24:02 | Build | Farm |
| 24:02 | Build | Farm |
| 24:27 | Create | Villager (Male) ×5 |
| 24:50 | Create | Trade Cart |
| 25:00 | Research | Wheelbarrow |
| 25:03 | Create | Villager (Male) ×5 |
| 25:14 | Build | University |
| 25:28 | Research | Heavy Plow |
| 25:32 | Create | Villager (Male) |
| 25:38 | Build | Farm |
| 25:38 | Build | Farm |
| 25:39 | Build | Farm |
| 25:39 | Build | Farm |
| 25:39 | Build | Farm |
| 25:39 | Build | Farm |
| 25:56 | Create | Trade Cart |
| 25:58 | Create | Trade Cart |
| 26:03 | Create | Trade Cart |
| 26:09 | Build | Market |
Build order — jkanatario
First 150 of 428 actions detected
| 0:02 | Research | Loom |
| 0:05 | Build | House |
| 0:08 | Build | House |
| 0:17 | Create | Villager (Male) |
| 0:18 | Create | Villager (Male) |
| 0:18 | Create | Villager (Male) |
| 0:18 | Create | Villager (Male) |
| 0:18 | Create | Villager (Male) |
| 2:21 | Create | Villager (Male) |
| 2:21 | Create | Villager (Male) |
| 2:21 | Create | Villager (Male) |
| 2:43 | Create | Villager (Male) |
| 2:52 | Build | Lumber Camp |
| 3:32 | Create | Villager (Male) |
| 3:42 | Build | House |
| 3:46 | Build | House |
| 4:07 | Create | Villager (Male) |
| 4:07 | Create | Villager (Male) |
| 4:08 | Create | Villager (Male) |
| 4:08 | Create | Villager (Male) |
| 4:43 | Create | Villager (Male) |
| 4:43 | Create | Villager (Male) |
| 5:05 | Create | Villager (Male) |
| 5:05 | Create | Villager (Male) |
| 5:32 | Create | Villager (Male) |
| 5:33 | Create | Villager (Male) |
| 6:09 | Build | Mill |
| 6:16 | Create | Villager (Male) |
| 6:51 | Create | Villager (Male) |
| 7:32 | Build | Mill |
| 7:36 | Create | Villager (Male) |
| 7:36 | Create | Villager (Male) |
| 7:46 | Create | Villager (Male) |
| 7:52 | Create | Villager (Male) |
| 8:49 | Research | Feudal Age |
| 9:02 | Build | Mining Camp |
| 9:28 | Build | House |
| 10:05 | Build | Mining Camp |
| 10:20 | Build | Barracks |
| 10:48 | Create | Villager (Male) |
| 10:48 | Create | Villager (Male) |
| 10:49 | Create | Villager (Male) |
| 10:50 | Create | Villager (Male) |
| 10:59 | Age | Feudal Age |
| 11:12 | Research | Double-Bit Axe |
| 11:49 | Create | Villager (Male) |
| 12:07 | Build | Blacksmith |
| 12:27 | Create | Villager (Male) |
| 12:28 | Create | Villager (Male) |
| 13:01 | Build | Stable |
| 13:12 | Create | Villager (Male) |
| 13:13 | Create | Villager (Male) |
| 13:30 | Build | Mill |
| 13:59 | Build | House |
| 14:00 | Build | House |
| 14:13 | Create | Villager (Male) |
| 14:14 | Create | Villager (Male) |
| 14:17 | Create | Villager (Male) |
| 15:17 | Create | Villager (Male) |
| 15:18 | Create | Villager (Male) |
| 15:24 | Create | Villager (Male) |
| 15:33 | Build | Farm |
| 15:39 | Build | House |
| 15:44 | Create | Villager (Male) |
| 15:53 | Build | Farm |
| 15:55 | Build | Farm |
| 16:00 | Build | Farm |
| 17:04 | Build | Farm |
| 17:06 | Build | Farm |
| 17:08 | Build | Farm |
| 17:11 | Create | Villager (Male) |
| 17:12 | Create | Villager (Male) |
| 17:13 | Create | Villager (Male) |
| 17:18 | Build | Farm |
| 18:23 | Research | Castle Age |
| 18:23 | Research | Castle Age |
| 18:24 | Research | Castle Age |
| 18:28 | Research | Horse Collar |
| 18:45 | Build | Farm |
| 18:48 | Build | Farm |
| 18:51 | Build | Farm |
| 19:03 | Research | Gold Mining |
| 19:07 | Research | Stone Mining |
| 19:32 | Build | Farm |
| 19:33 | Build | Farm |
| 19:37 | Build | Farm |
| 19:51 | Build | Farm |
| 19:58 | Build | Farm |
| 20:15 | Create | Villager (Male) |
| 20:20 | Research | Wheelbarrow |
| 20:22 | Research | Town Watch |
| 21:06 | Age | Castle Age |
| 21:13 | Build | Castle |
| 21:25 | Research | Bow Saw |
| 21:31 | Research | Heavy Plow |
| 21:38 | Research | Fletching |
| 22:24 | Build | Town Center |
| 22:39 | Build | House |
| 22:40 | Build | House |
| 22:43 | Build | House |
| 22:54 | Create | Villager (Male) |
| 22:54 | Create | Villager (Male) |
| 23:00 | Create | Villager (Male) |
| 23:01 | Create | Villager (Male) |
| 23:01 | Create | Villager (Male) |
| 23:13 | Research | Bodkin Arrow |
| 23:31 | Create | Villager (Male) |
| 23:32 | Create | Villager (Male) |
| 23:32 | Create | Villager (Male) |
| 23:32 | Create | Villager (Male) |
| 23:38 | Build | Monastery |
| 23:50 | Create | Villager (Male) |
| 23:51 | Create | Villager (Male) |
| 23:57 | Create | Villager (Male) |
| 24:12 | Build | Siege Workshop |
| 24:16 | Create | Conquistador |
| 24:16 | Create | Conquistador |
| 24:27 | Build | Farm |
| 24:29 | Create | Villager (Male) |
| 24:31 | Create | Monk |
| 24:55 | Build | House |
| 25:01 | Create | Villager (Male) |
| 25:01 | Create | Villager (Male) |
| 25:03 | Create | Villager (Male) |
| 25:08 | Build | Town Center |
| 25:10 | Create | Villager (Male) |
| 25:11 | Create | Villager (Male) |
| 25:14 | Build | Farm |
| 25:19 | Build | Farm |
| 25:34 | Build | Mining Camp |
| 25:36 | Create | Conquistador |
| 25:37 | Create | Conquistador |
| 25:37 | Create | Conquistador |
| 25:38 | Create | Conquistador |
| 25:48 | Build | Farm |
| 25:59 | Build | Farm |
| 26:01 | Create | Villager (Male) |
| 26:06 | Create | Villager (Male) |
| 26:07 | Create | Villager (Male) |
| 26:11 | Create | Villager (Male) |
| 26:11 | Create | Villager (Male) |
| 26:15 | Create | Villager (Male) |
| 26:35 | Build | University |
| 26:41 | Create | Villager (Male) |
| 26:45 | Build | Farm |
| 26:51 | Build | Farm |
| 26:55 | Create | Villager (Male) |
| 26:56 | Create | Villager (Male) |
| 27:01 | Create | Villager (Male) |
| 27:08 | Create | Conquistador |
Build order — Ares648967
First 150 of 313 actions detected
| 0:03 | Create | Villager (Male) |
| 0:03 | Create | Villager (Male) |
| 0:03 | Create | Villager (Male) |
| 0:04 | Create | Villager (Male) |
| 0:04 | Create | Villager (Male) |
| 0:09 | Build | House |
| 0:10 | Build | House |
| 1:31 | Build | Palisade Wall |
| 1:37 | Create | Villager (Male) |
| 2:20 | Create | Villager (Male) |
| 2:20 | Create | Villager (Male) |
| 2:44 | Create | Villager (Male) |
| 3:06 | Build | Mill |
| 3:25 | Create | Villager (Male) |
| 3:26 | Create | Villager (Male) |
| 3:57 | Build | House |
| 3:59 | Build | House |
| 4:25 | Create | Villager (Male) |
| 4:25 | Create | Villager (Male) |
| 5:05 | Create | Villager (Male) |
| 5:22 | Create | Villager (Male) |
| 5:22 | Create | Villager (Male) |
| 6:17 | Build | Lumber Camp |
| 6:22 | Create | Villager (Male) |
| 7:18 | Create | Villager (Male) |
| 7:19 | Create | Villager (Male) |
| 8:02 | Create | Villager (Male) |
| 8:44 | Build | House |
| 8:55 | Create | Villager (Male) |
| 9:30 | Research | Feudal Age |
| 9:51 | Build | Mining Camp |
| 10:37 | Build | Mining Camp |
| 11:39 | Create | Villager (Male) |
| 11:39 | Create | Villager (Male) |
| 12:16 | Build | Market |
| 12:28 | Build | Farm |
| 12:50 | Build | Stone Wall |
| 12:57 | Build | Farm |
| 13:09 | Research | Double-Bit Axe |
| 13:22 | Create | Villager (Male) |
| 13:22 | Create | Villager (Male) |
| 13:47 | Create | Villager (Male) |
| 13:47 | Create | Villager (Male) |
| 13:51 | Build | Farm |
| 14:19 | Build | House |
| 14:27 | Build | Farm |
| 14:32 | Create | Villager (Male) |
| 14:33 | Create | Villager (Male) |
| 14:56 | Build | Farm |
| 15:00 | Create | Villager (Male) |
| 15:01 | Create | Villager (Male) |
| 15:26 | Build | Farm |
| 15:33 | Research | Horse Collar |
| 15:38 | Build | Farm |
| 15:42 | Create | Villager (Male) |
| 16:03 | Build | Farm |
| 16:28 | Build | House |
| 16:30 | Build | House |
| 16:39 | Create | Villager (Male) |
| 16:50 | Build | Farm |
| 17:01 | Build | Barracks |
| 17:43 | Build | Farm |
| 17:44 | Build | Farm |
| 17:49 | Build | Farm |
| 17:50 | Build | Farm |
| 17:52 | Build | Farm |
| 17:57 | Build | Farm |
| 18:06 | Build | Archery Range |
| 18:15 | Create | Villager (Male) |
| 18:15 | Create | Villager (Male) |
| 18:20 | Build | Farm |
| 18:24 | Build | Farm |
| 18:50 | Create | Villager (Male) |
| 18:53 | Build | Farm |
| 18:56 | Research | Castle Age |
| 19:13 | Build | House |
| 19:15 | Build | House |
| 19:27 | Research | Stone Mining |
| 19:30 | Research | Gold Mining |
| 19:45 | Create | Trade Cart |
| 19:50 | Create | Trade Cart |
| 20:13 | Build | Farm |
| 20:22 | Create | Archer |
| 20:22 | Create | Archer |
| 20:43 | Create | Villager (Male) |
| 20:43 | Create | Villager (Male) |
| 20:43 | Create | Villager (Male) |
| 20:44 | Create | Villager (Male) |
| 20:44 | Create | Villager (Male) |
| 20:44 | Create | Villager (Male) |
| 20:59 | Build | House |
| 21:11 | Create | Trade Cart |
| 22:05 | Build | Town Center |
| 22:12 | Create | Villager (Male) |
| 22:12 | Create | Villager (Male) |
| 22:21 | Research | Caravan |
| 22:47 | Build | Market |
| 23:06 | Create | Villager (Male) |
| 23:17 | Create | Villager (Male) |
| 23:18 | Create | Villager (Male) |
| 24:04 | Create | Villager (Male) |
| 24:04 | Create | Villager (Male) |
| 24:05 | Create | Villager (Male) |
| 24:05 | Create | Villager (Male) |
| 24:06 | Create | Villager (Male) |
| 24:17 | Build | Farm |
| 24:25 | Build | House |
| 24:28 | Create | Trade Cart |
| 25:02 | Build | Castle |
| 25:36 | Create | Trade Cart |
| 25:40 | Build | House |
| 25:59 | Create | Villager (Male) |
| 26:00 | Create | Villager (Male) |
| 26:00 | Create | Villager (Male) |
| 26:05 | Create | Trade Cart |
| 26:11 | Create | Trade Cart |
| 26:38 | Build | House |
| 26:44 | Create | Villager (Male) |
| 26:45 | Create | Villager (Male) |
| 26:57 | Create | Villager (Male) |
| 26:58 | Create | Villager (Male) |
| 27:08 | Build | Monastery |
| 27:50 | Build | Farm |
| 27:52 | Build | Farm |
| 27:59 | Create | Villager (Male) |
| 28:11 | Create | Villager (Male) |
| 28:11 | Create | Villager (Male) |
| 28:12 | Create | Villager (Male) |
| 28:12 | Create | Villager (Male) |
| 28:30 | Build | University |
| 28:42 | Create | Trade Cart |
| 28:42 | Create | Trade Cart |
| 28:53 | Research | Wheelbarrow |
| 28:54 | Create | Villager (Male) |
| 28:55 | Create | Villager (Male) |
| 29:06 | Create | Villager (Male) |
| 29:10 | Research | Wheelbarrow |
| 29:27 | Build | Mining Camp |
| 29:44 | Create | Trade Cart |
| 29:54 | Build | House |
| 29:56 | Build | House |
| 30:10 | Build | Farm |
| 30:12 | Research | Imperial Age |
| 30:27 | Build | Stable |
| 30:31 | Research | Elite Skirmisher (upgrade) |
| 30:33 | Research | Crossbowman (upgrade) |
| 30:55 | Create | Trade Cart |
| 30:56 | Create | Trade Cart |
| 31:18 | Create | Rattan Archer |
| 31:18 | Create | Rattan Archer |
Build order — channing40603
First 150 of 180 actions detected
| 0:07 | Build | House |
| 0:39 | Create | Villager (Male) |
| 0:40 | Research | Loom |
| 0:41 | Create | Villager (Male) |
| 0:42 | Create | Villager (Male) |
| 0:42 | Create | Villager (Male) |
| 0:42 | Create | Villager (Male) |
| 1:11 | Build | Palisade Wall |
| 1:17 | Build | Palisade Gate |
| 2:19 | Build | House |
| 3:58 | Build | Lumber Camp |
| 4:05 | Create | Villager (Male) |
| 4:05 | Create | Villager (Male) |
| 4:06 | Create | Villager (Male) |
| 4:06 | Create | Villager (Male) |
| 4:06 | Create | Villager (Male) |
| 5:07 | Create | Villager (Male) |
| 5:07 | Create | Villager (Male) |
| 6:37 | Create | Villager (Male) |
| 6:38 | Create | Villager (Male) |
| 6:38 | Create | Villager (Male) |
| 6:38 | Create | Villager (Male) |
| 6:39 | Create | Villager (Male) |
| 6:52 | Build | House |
| 6:54 | Build | House |
| 8:30 | Create | Villager (Male) |
| 8:30 | Create | Villager (Male) |
| 8:31 | Create | Villager (Male) |
| 8:31 | Create | Villager (Male) |
| 8:41 | Build | Mill |
| 9:16 | Build | Mining Camp |
| 10:29 | Create | Villager (Male) |
| 10:29 | Create | Villager (Male) |
| 10:30 | Create | Villager (Male) |
| 12:05 | Build | Barracks |
| 12:15 | Research | Feudal Age |
| 12:16 | Research | Feudal Age |
| 12:31 | Build | House |
| 12:32 | Build | House |
| 12:34 | Build | House |
| 12:34 | Build | House |
| 12:58 | Build | Farm |
| 13:11 | Build | Farm |
| 13:23 | Build | Mining Camp |
| 14:25 | Age | Feudal Age |
| 16:07 | Build | Stable |
| 16:38 | Create | Villager (Male) ×5 |
| 16:38 | Create | Villager (Male) ×5 |
| 17:33 | Build | Blacksmith |
| 18:18 | Build | Stone Wall |
| 18:27 | Build | Gate |
| 18:38 | Research | Castle Age |
| 18:39 | Create | Villager (Male) ×5 |
| 18:39 | Create | Villager (Male) ×5 |
| 19:01 | Research | Scale Barding Armor |
| 19:02 | Research | Forging |
| 19:24 | Build | Farm |
| 19:30 | Build | Farm |
| 19:37 | Build | Farm |
| 19:44 | Build | Farm |
| 20:34 | Build | Farm |
| 21:18 | Age | Castle Age |
| 21:42 | Build | Town Center |
| 21:49 | Create | Camel Scout |
| 21:50 | Create | Camel Scout |
| 21:51 | Create | Camel Scout |
| 21:51 | Create | Camel Scout |
| 21:52 | Create | Camel Scout |
| 21:54 | Create | Camel Scout |
| 21:56 | Research | Husbandry |
| 22:00 | Create | Villager (Male) |
| 22:01 | Create | Villager (Male) |
| 22:01 | Create | Villager (Male) |
| 22:01 | Create | Villager (Male) |
| 22:02 | Create | Villager (Male) |
| 22:48 | Research | Stone Mining |
| 23:49 | Create | Villager (Male) ×2 |
| 23:49 | Create | Villager (Male) ×2 |
| 24:09 | Build | Farm |
| 24:17 | Build | Farm |
| 24:29 | Build | House |
| 24:30 | Build | House |
| 24:31 | Build | House |
| 24:32 | Build | House |
| 24:51 | Create | Villager (Male) |
| 24:52 | Create | Villager (Male) |
| 24:52 | Create | Villager (Male) |
| 24:53 | Create | Villager (Male) |
| 24:57 | Create | Villager (Male) |
| 25:40 | Build | Monastery |
| 26:13 | Build | Farm |
| 26:41 | Create | Monk |
| 26:51 | Build | Farm |
| 26:58 | Build | Farm |
| 27:04 | Build | Farm |
| 27:06 | Create | Villager (Male) ×5 |
| 27:11 | Create | Villager (Male) ×3 |
| 27:11 | Create | Villager (Male) ×3 |
| 27:35 | Create | Villager (Male) ×2 |
| 28:15 | Build | Farm |
| 28:22 | Build | Market |
| 28:35 | Build | University |
| 28:40 | Create | Villager (Male) |
| 28:41 | Create | Villager (Male) |
| 28:41 | Create | Villager (Male) |
| 28:41 | Create | Villager (Male) |
| 28:41 | Create | Villager (Male) |
| 28:42 | Create | Villager (Male) |
| 29:10 | Build | Castle |
| 29:52 | Build | Farm |
| 30:23 | Create | Trade Cart ×2 |
| 30:33 | Research | Double-Bit Axe |
| 30:41 | Research | Chain Barding Armor |
| 31:04 | Create | Villager (Male) |
| 31:04 | Create | Villager (Male) |
| 31:04 | Create | Villager (Male) |
| 31:05 | Create | Villager (Male) |
| 31:05 | Create | Villager (Male) |
| 31:06 | Create | Villager (Male) |
| 31:06 | Create | Villager (Male) |
| 31:22 | Create | Trade Cart ×2 |
| 31:22 | Create | Trade Cart ×2 |
| 32:05 | Create | Villager (Male) ×5 |
| 32:13 | Research | Wheelbarrow |
| 32:25 | Build | Farm |
| 32:35 | Build | Farm |
| 32:47 | Build | Farm |
| 32:55 | Build | Farm |
| 33:26 | Build | Stone Wall |
| 33:34 | Build | Gate |
| 34:02 | Create | Cataphract ×5 |
| 34:11 | Build | Farm |
| 34:34 | Research | Iron Casting |
| 34:38 | Create | Cataphract ×3 |
| 34:44 | Create | Camel Scout |
| 34:57 | Create | Villager (Male) |
| 34:57 | Create | Villager (Male) |
| 35:08 | Create | Trade Cart ×5 |
| 35:09 | Create | Trade Cart ×2 |
| 35:29 | Research | Horse Collar |
| 36:13 | Create | Cataphract ×5 |
| 36:50 | Build | Mining Camp |
| 37:03 | Build | Farm |
| 37:07 | Create | Cataphract ×5 |
| 37:17 | Research | Imperial Age |
| 37:19 | Create | Villager (Male) |
| 38:16 | Build | House |
| 38:18 | Build | House |
| 38:19 | Build | House |
| 38:23 | Build | House |
Match timeline
| 0:44 | Marshall_CZE · wall_segment Palisade Wall x6 |
| 0:44 | Jerry · wall_segment Palisade Wall x11 |
| 0:53 | Marshall_CZE · wall_segment Palisade Wall x4 |
| 1:11 | channing40603 · wall_segment Palisade Wall x12 |
| 1:31 | Ares648967 · wall_segment Palisade Wall x10 |
| 1:48 | Jerry · wall_segment Palisade Wall x1 |
| 2:02 | Jerry · wall_segment Palisade Wall x11 |
| 2:26 | Lazy_Mann · wall_segment Palisade Wall x11 |
| 8:59 | MayMay · first_building Barracks |
| 10:20 | jkanatario · first_building Barracks |
| 10:43 | Jerry · first_building Barracks |
| 10:59 | jkanatario · age_up feudal |
| 11:18 | jo.desmettre · age_up feudal |
| 12:01 | Marshall_CZE · age_up feudal |
| 12:01 | MayMay · age_up feudal |
| 12:04 | MayMay · first_building Stable |
| 12:05 | channing40603 · first_building Barracks |
| 12:12 | Jerry · age_up feudal |
| 12:50 | Ares648967 · wall_segment Stone Wall x10 |
| 12:54 | Lazy_Mann · age_up feudal |
| 13:01 | jkanatario · first_building Stable |
| 13:27 | Jerry · first_building Stable |
| 13:38 | Jerry · wall_segment Stone Wall x11 |
| 14:25 | channing40603 · age_up feudal |
| 15:59 | MayMay · age_up castle |
| 16:07 | channing40603 · first_building Stable |
| 16:15 | Ares648967 · first_market_sell 100 wood |
| 16:19 | Marshall_CZE · first_market_sell 100 wood |
| 16:19 | Ares648967 · first_market_buy 100 food |
| 16:19 | Marshall_CZE · first_market_buy 100 food |
| 16:52 | Jerry · age_up castle |
| 17:01 | Ares648967 · first_building Barracks |
| 17:42 | Marshall_CZE · wall_segment Stone Wall x1 |
| 18:06 | Ares648967 · first_building Archery Range |
| 18:18 | channing40603 · wall_segment Stone Wall x13 |
| 19:04 | Marshall_CZE · age_up castle |
| 19:09 | Lazy_Mann · age_up castle |
| 19:18 | Marshall_CZE · wall_segment Stone Wall x4 |
| 19:21 | Marshall_CZE · wall_segment Stone Wall x7 |
| 19:34 | jo.desmettre · age_up castle |
| 19:39 | jo.desmettre · first_building Monastery |
| 19:55 | Lazy_Mann · first_building Monastery |
| 20:10 | Jerry · wall_segment Stone Wall x19 |
| 20:11 | jo.desmettre · first_building Castle |
| 21:06 | jkanatario · age_up castle |
| 21:13 | jkanatario · first_building Castle |
| 21:18 | channing40603 · age_up castle |
| 21:27 | Marshall_CZE · first_building Barracks |
| 22:58 | Marshall_CZE · first_building Stable |
| 23:10 | jo.desmettre · first_building Barracks |
| 23:14 | Lazy_Mann · first_building Castle |
| 23:38 | jkanatario · first_building Monastery |
| 24:12 | jkanatario · first_building Siege Workshop |
| 24:38 | MayMay · first_building Siege Workshop |
| 24:51 | Marshall_CZE · first_building Monastery |
| 25:01 | MayMay · first_building Monastery |
| 25:02 | Ares648967 · first_building Castle |
| 25:22 | Marshall_CZE · first_building Castle |
| 25:24 | Jerry · first_building Monastery |
| 25:40 | channing40603 · first_building Monastery |
| 26:06 | jo.desmettre · first_building Stable |
| 26:10 | MayMay · first_market_sell 100 wood |
| 26:44 | Lazy_Mann · first_building Barracks |
| 27:08 | Ares648967 · first_building Monastery |
| 27:15 | Jerry · first_building Siege Workshop |
| 27:36 | jo.desmettre · first_market_buy 100 food |
| 28:42 | MayMay · first_building Castle |
| 29:10 | channing40603 · first_building Castle |
| 29:13 | Marshall_CZE · wall_segment Stone Wall x5 |
| 29:15 | Marshall_CZE · wall_segment Stone Wall x4 |
| 29:29 | jo.desmettre · first_market_sell 100 wood |
| 29:47 | Lazy_Mann · first_building Siege Workshop |
| 30:09 | MayMay · age_up imperial |
| 30:14 | Jerry · first_building Castle |
| 30:27 | Ares648967 · first_building Stable |
| 30:42 | Lazy_Mann · first_building Archery Range |
| 31:02 | jo.desmettre · age_up imperial |
| 31:16 | Jerry · age_up imperial |
| 31:39 | Lazy_Mann · first_building Stable |
| 31:57 | Marshall_CZE · first_building Siege Workshop |
| 32:54 | Marshall_CZE · age_up imperial |
| 33:03 | Ares648967 · first_building Siege Workshop |
| 33:22 | Lazy_Mann · age_up imperial |
| 33:26 | channing40603 · wall_segment Stone Wall x17 |
| 35:20 | channing40603 · first_market_buy 100 food |
| 35:37 | jkanatario · age_up imperial |
| 38:15 | jo.desmettre · first_building Siege Workshop |
| 40:27 | channing40603 · age_up imperial |
| 41:31 | jkanatario · first_building Archery Range |
| 45:04 | channing40603 · first_market_sell 100 wood |
| 47:30 | jo.desmettre · resign |
[ AI ANALYSIS · 1 CREDIT ]
What really happened in this match?
Wolo.gg analyzes every decision: build order, eco, micro, common mistakes by bracket. Personalized analysis on WhatsApp or Discord in 30 seconds.
Civ guide
Celts
Perfil
Jugador #8251018